 Dungeon Crawl Stone Soup version 0.30-a0-847-g17996783a1 (webtiles) character file.

Game seed: 904850971925754222

57 holysushi the Cutter (level 3, -5/29 HPs)
             Began as a Demonspawn Monk on Mar 3, 2023.
             Slain by a gnoll
             ... wielding a +0 halberd
              (10 damage)
             ... on level 2 of the Dungeon.
             The game lasted 00:01:36 (1885 turns).

holysushi the Cutter (Demonspawn Monk)              Turns: 1885, Time: 00:01:36

Health: -5/29      AC:  2    Str: 11    XL:     3   Next: 73%
Magic:  3/3        EV: 13    Int: 11    God:
Gold:   105        SH:  0    Dex: 17    Spells: 2/2 levels left

rFire   . . .      SeeInvis .    i - +0 dagger (freeze)
rCold   . . .      Faith    .    (no shield)
rNeg    . . .      Spirit   .    b - +0 robe
rPois   .          Reflect  .    (no helmet)
rElec   .          Rampage  .    (no cloak)
rCorr   .                        (no gloves)
Will    .....                    (no boots)
Stlth   ++                       (no amulet)
HPRegen 0.24/turn                (no ring)
MPRegen 0.08/turn                (no ring)

@: no status effects
A: powered by death 1
a: no special abilities


You were on level 2 of the Dungeon.
You visited 1 branch of the dungeon, and saw 3 of its levels.

You collected 105 gold pieces.

Inventory:

Hand Weapons
 a - a +0 short sword
 i - a +0 dagger of freezing (weapon)
Missiles
 q - a throwing net (quivered)
Armour
 b - a +0 robe (worn)
Scrolls
 d - a scroll of magic mapping {unknown}
 f - a scroll of enchant armour {unknown}
 g - a scroll of summoning {unknown}
 h - a scroll of teleportation {unknown}
 j - a scroll of blinking {unknown}
 k - a scroll of enchant weapon {unknown}
 m - a scroll of identify {unknown}
 n - a scroll of noise {unknown}
 p - a scroll of immolation {unknown}
Potions
 c - a potion of ambrosia
 e - 2 potions of mutation {unknown}
 l - a potion of curing {unknown}
 o - a potion of resistance {unknown}
 r - a potion of brilliance {unknown}


   Skills:
 - Level 3.0 Fighting
 + Level 4.3 Short Blades
 - Level 2.6 Dodging
 - Level 1.7 Stealth


You had 2 spell levels left.
You didn't know any spells.
Your spell library contained the following spells:

 Spells                   Type           Power      Damage    Failure   Level
 Magic Dart               Conj           0%         1d3       34%         1
 Searing Ray              Conj           0%         2d4       47%         2
 Fulminant Prism          Conj/Hex       0%         3d5       98%         4


Dungeon Overview and Level Annotations

Branches:
Dungeon (3/15) Zot: 16136

Altars:
Fedhas

Shops:
D:1 [


Innate Abilities, Weirdness & Mutations

You regenerate a little health from kills.


Message History

No target in view!
You start resting.
HP restored.
Things that are here:
a +0 club; a hobgoblin corpse
There is a stone staircase leading down here.
You climb downwards.
The gnoll hits you with a +0 halberd. The gnoll completely misses you.
There is a stone staircase leading up, spattered with blood here.
The gnoll hits you from afar with a +0 spear.
You climb upwards.
There is a stone staircase leading down here.
You hit the gnoll. You freeze the gnoll.
The gnoll is heavily wounded.
The gnoll barely misses you.
You hit the gnoll but do no damage.
The gnoll is heavily wounded.
You hit the gnoll but do no damage.
The gnoll is heavily wounded.
The gnoll hits you with a +0 halberd!
You closely miss the gnoll.
The gnoll is heavily wounded.
The gnoll misses you.
You closely miss the gnoll.
The gnoll is heavily wounded.
The gnoll hits you with a +0 halberd!
* * * LOW HITPOINT WARNING * * *
You are too injured to fight recklessly!
You hit the gnoll. You freeze the gnoll.
The gnoll is severely wounded.
The gnoll misses you.
You hit the gnoll. You freeze the gnoll.
The gnoll is severely wounded.
You hit the gnoll but do no damage.
The gnoll is severely wounded.
The gnoll barely misses you.
You barely miss the gnoll.
The gnoll is severely wounded.
The gnoll hits you with a +0 halberd!
You die...

.......# ##.##.##
..##...# #.....#
######.## #######...#
#..###.........########
###...#.####...........#
#...#...#..............#
##...###..#.#...........#
#...........#g..........#
#............@..........#
#..........###).(.......#
#..........# #..........#
#..........# ####.#######
#..........# #.#
#..........# #.#
####..........######.#
.....................#
.#####################


You could see a gnoll.

Vanquished Creatures
  A gnoll (D:2)
  An adder (D:3)
  An orc (D:3)
  5 ball pythons
  7 bats
  An endoplasm (D:1)
  A giant cockroach (D:2)
  2 goblins (D:1)
  5 hobgoblins
  6 kobolds
  A quokka (D:2)
  A frilled lizard (D:1)
  4 rats
36 creatures vanquished.

Notes
Turn   | Place    | Note
-------+----------+-------------------------------------------
     0 | D:1      | holysushi the Demonspawn Monk began the quest for the Orb.
     0 | D:1      | Reached XP level 1. HP: 18/18 MP: 1/1
    74 | D:1      | Reached skill level 3 in Short Blades
   194 | D:1      | Gained mutation: You regenerate a little health from kills.
                  | [demonic ancestry]
   194 | D:1      | Reached XP level 2. HP: 24/24 MP: 2/2
   376 | D:1      | Found Qupna's Armour Shoppe.
  1220 | D:3      | Found a blossoming altar of Fedhas.
  1267 | D:3      | Reached XP level 3. HP: 21/29 MP: 3/3
  1460 | D:3      | Reached skill level 4 in Short Blades
  1593 | D:3      | Noticed a gnoll sergeant
  1885 | D:2      | Slain by a gnoll

Illustrated notes

Levels and vault maps discovered:
D:1:      minmay_arrival_radiant_lines, layout_basic, serial_shops, shop,
          ebering_dispersal_statue_hall
D:2:      minmay_alternating_diamond, layout_basic
D:3:      layout_loops_ring, mainiacjoe_overflow_surrounded_room,
          overflow_temple_1_default, fedhas_altar_1

Skill      XL: |  1  2  3 |
---------------+----------+-----
Short Blades   | 3 4 |  4.3
Fighting       | |  3.0
Dodging        | |  2.6
Stealth        | |  1.7

Action                     || total
---------------------------++-------
  Melee: Short sword       ||    22
         Dagger            ||   118
         Punch             ||     1
   Stab: Sleeping          ||     3
         Distracted        ||     1
 Armour: Robe              ||    19
  Dodge: Dodged            ||    95

Table legend: (Time is in decaauts)
 A = Elapsed time spent in this place.
 B = Non-inter-level travel time spent in this place.
 C = Inter-level travel time spent in this place.
 D = Time resting spent in this place.
 E = Time spent auto-exploring this place.
 F = Levels seen in this place.
 G = Mean time per level.
                   A        B        C        D        E       F      G
               +--------+--------+--------+--------+--------+-----+--------+
         Total |   1862 |   1790 |     72 |    238 |   1171 |   3 |  620.7 |
       Dungeon |   1862 |   1790 |     72 |    238 |   1171 |   3 |  620.7 |
               +--------+--------+--------+--------+--------+-----+--------+

Top non-repeatable levels by time:
     D:2: 857 daAuts
     D:1: 571 daAuts
     D:3: 434 daAuts
